 Dungeon Crawl Stone Soup version 0.25.0-15-gac7dcb8919 (webtiles) character file.

Game seed: 15020999421009904039

69 mortelune the Skirmisher (level 4, -5/37 HPs)
             Began as a Demonspawn Chaos Knight on June 29, 2020.
             Was a Plaything of Xom.
             Slain by an unseen horror (shapeshifter) (8 damage)
             ... on level 2 of the Dungeon.
             The game lasted 00:03:22 (1512 turns).

mortelune the Skirmisher (Demonspawn Chaos Knight)  Turns: 1512, Time: 00:03:23

Health: -5/37      AC:  8    Str: 14    XL:     4   Next: 2%
Magic:  4/4        EV: 10    Int: 13    God:    Xom [......]
Gold:   107        SH:  0    Dex: 12    Spells: 3/3 levels left

rFire    . . .     SeeInvis .   a - +0 hand axe (chaos)
rCold    . . .     Gourm    .   (no shield)
rNeg     . . .     Faith    .   l - +0 ring mail (curse)
rPois    .         Spirit   .   (helmet restricted)
rElec    .         Reflect  .   (no cloak)
rCorr    .         Harm     .   i - +0 pair of gloves
MR       .....                  (no boots)
Stlth    +.........             (no amulet)
HPRegen  0.12/turn              (no ring)
MPRegen  0.09/turn              (no ring)

@: flying
A: antennae 1, yellow scales 1
a: Renounce Religion


You were on level 2 of the Dungeon.
You worshipped Xom.
You were a very special plaything of Xom.
You were not hungry.

You visited 1 branch of the dungeon, and saw 3 of its levels.

You collected 107 gold pieces.

Inventory:

Hand Weapons
 a - a +0 hand axe of chaos (weapon)
Armour
 b - a +2 leather armour
 i - a +0 pair of gloves (worn)
 l - a cursed +0 ring mail (worn)
Scrolls
 e - 2 scrolls of remove curse {unknown}
 j - 2 scrolls of fear {unknown}
 k - 2 scrolls of teleportation {unknown}
 n - 2 scrolls of identify {unknown}
 p - 3 scrolls of magic mapping {unknown}
 q - a scroll of noise {unknown}
Potions
 d - a potion of mutation {unknown}
 g - a potion of might {unknown}
 h - a potion of brilliance {unknown}
 m - a potion of curing {unknown}
Comestibles
 c - 5 rations
 f - 5 chunks of flesh


   Skills:
 + Level 3.7 Fighting
 + Level 3.3 Axes
 + Level 2.7 Armour
 - Level 0.8 Dodging


You had 3 spell levels left.
You didn't know any spells.
Your spell library was empty.

Dungeon Overview and Level Annotations

Branches:
Dungeon (3/15)

Altars:


Innate Abilities, Weirdness & Mutations

You have a pair of small antennae on your head.
You are partially covered in yellow scales. (AC +2)


Message History

You hit the orc.
The orc goes berserk!
The orc is severely wounded.
You hit the orc but do no damage. The orc barely misses you.
The orc hits you but does no damage. The orc closely misses you.
You hit the orc. You freeze the orc.
You kill the orc!
You have reached level 4!
You feel stronger.
You hit the orc but do no damage.
The orc seems to speed up.
Something hits you. The orc barely misses you.
Something hits you but does no damage. The orc closely misses you.
You barely miss something. You hit the orc but do no damage.
Something hits you!
* * * LOW HITPOINT WARNING * * *
The orc closely misses you. Something hits you.
* * * LOW HITPOINT WARNING * * *
It was a potion of flight.
You feel very buoyant.
You fly up into the air.
Something hits you!
You die...

#######.......^...#
#...........#
#...........############
#.......................
#############.##........
#######.#.........
#................. #####
#o##)#.<#......... #...#
#@{............... #...#
####.####.........
#...#######.####.........
#..)'.............##.###.
#..รท###########..###.#
#. #.......# #..# #.# #.
#.......# #..###.# #.
#.......# #......# #.
#.......# ####.####.###.


You could see an orc (fast).

Vanquished Creatures
  An adder (D:2)
  2 worms (D:2)
  3 leopard geckos (D:2)
  An orc (D:2)
  A ball python (D:1)
  7 bats
  7 hobgoblins
  3 jackals (D:1)
  4 kobolds
  4 frilled lizards
  9 goblins
  4 rats
46 creatures vanquished.

Notes
Turn   | Place    | Note
-------+----------+-------------------------------------------
     0 | D:1      | mortelune the Demonspawn Chaos Knight began the quest for
                  | the Orb.
     0 | D:1      | Reached XP level 1. HP: 18/18 MP: 1/1
    82 | D:1      | Gained mutation: You are partially covered in yellow
                  | scales. (AC +2) [demonic ancestry]
    82 | D:1      | Reached XP level 2. HP: 22/24 MP: 2/2
   188 | D:1      | XOM: divination: detect creatures
   664 | D:1      | XOM: silly message
   723 | D:2      | Gained mutation: You have a pair of small antennae on your
                  | head. [demonic ancestry]
   723 | D:2      | Reached XP level 3. HP: 17/29 MP: 3/3
  1046 | D:2      | XOM: butterfly on damage
  1055 | D:2      | XOM: 1-stop teleportation journey
  1265 | D:2      | XOM: scenery: 1 fountains blood, 1 doors open
  1503 | D:2      | Noticed a shapeshifter
  1503 | D:2      | a goblin changed into a shapeshifter
  1503 | D:2      | a shapeshifter changed into something unseen
  1510 | D:2      | Reached XP level 4. HP: 15/37 MP: 4/4
  1512 | D:2      | Slain by an unseen horror (shapeshifter)

Illustrated notes

Levels and vault maps discovered:
D:1:      minmay_arrival_statue_studded, layout_rooms, kennysheep_nondescript
D:2:      layout_basic, fountainhead
D:3:      layout_rooms, grunt_temple_overflow_open, cheibrodos_sewer_entry_drain

Skill      XL: |  1  2 |
---------------+-------+-----
Armour         | 2 |  2.7
Axes           | 3 |  3.3
Fighting       | |  3.7
Dodging        | |  0.8

Action                   |  1- 3 |  4- 6 || total
-------------------------+-------+-------++-------
Melee: Hand axe          |   147 |     1 ||   148
  Use: Potion            |       |     1 ||     1
  Eat: Chunk             |     2 |       ||     2
Armor: Leather armour    |    55 |       ||    55
       Ring mail         |    32 |     1 ||    33
Dodge: Dodged            |   110 |     3 ||   113
